 Dungeon Crawl Stone Soup version 0.30-a0-123-g91d0c66ccf (webtiles) character file.

Game seed: 3907938799194165959

11998 Newt the Slicer (level 11, -4/81 HPs)
             Began as a Demonspawn Gladiator on Sept 16, 2022.
             Was a High Priest of Dithmenos.
             Slain by a skeletal warrior
             ... wielding a +0 flail
              (13 damage)
             ... on level 11 of the Dungeon on Sept 17, 2022.
             The game lasted 00:23:34 (16835 turns).

Newt the Slicer (Demonspawn Gladiator)             Turns: 16835, Time: 00:23:35

Health: -4/81      AC:  6    Str: 19    XL:     11   Next: 56%
Magic:  18/18      EV: 16    Int:  8    God:    Dithmenos [*****.]
Gold:   533        SH:  9    Dex: 28    Spells: 14/20 levels left

rFire   . . .      SeeInvis .    g - +3 dagger (drain)
rCold   . . .      Faith    .    (no shield)
rNeg    . . .      Spirit   .    b - +0 leather armour
rPois   +          Reflect  +    (helmet restricted)
rElec   .          Harm     .    e - +1 cloak
rCorr   +          Rampage  .    (gloves unavailable)
Will    .....                    K - +0 pair of boots
Stlth   ++++++++++               Q - amulet of reflection
HPRegen 0.23/turn                l - +6 ring of strength
MPRegen 0.16/turn                h - ring of resist corrosion

@: wreathed by umbra
A: thin skeletal structure 2, foul stench 1, condensation shield, demonic touch
3, beak, agile 1, poison resistance, no potion heal 1
a: Renounce Religion, Shadow Step, Shadow Form


You were on level 11 of the Dungeon.
You worshipped Dithmenos.
Dithmenos was extremely pleased with you.
You visited 1 branch of the dungeon, and saw 11 of its levels.
You also visited: Ossuary.

You collected 533 gold pieces.

Inventory:

Hand Weapons
 a - a +0 rapier
 d - a +2 dagger of venom
 g - a +3 dagger of draining (weapon)
 S - a +3 short sword
Missiles
 p - 12 javelins
 B - 26 poisoned darts
Armour
 b - a +0 leather armour (worn)
 c - a +0 helmet
 e - a +1 cloak (worn)
 K - a +0 pair of boots (worn)
Jewellery
 h - a ring of resist corrosion (right hand)
 l - a +6 ring of strength (left hand)
 y - an amulet of magic regeneration
 Q - an amulet of reflection (around neck)
Wands
 t - a wand of quicksilver (16)
 w - a wand of digging (5)
 H - a wand of polymorph (6)
 I - a wand of flame (22)
 O - a wand of charming (3)
Scrolls
 f - 4 scrolls of butterflies
 m - 6 scrolls of teleportation
 q - 2 scrolls of noise
 s - 4 scrolls of magic mapping
 v - 2 scrolls of silence
 F - a scroll of immolation
 J - 6 scrolls of poison
 L - a scroll of enchant armour
Potions
 i - a potion of lignification
 j - 2 potions of mutation
 k - 4 potions of magic
 o - 3 potions of invisibility
 r - 10 potions of curing
 u - a potion of degeneration
 x - 2 potions of resistance
 z - 2 potions of haste
 A - a potion of flight
 C - 4 potions of brilliance
 D - 4 potions of might
 E - a potion of attraction
 M - a potion of cancellation {unknown}
 R - a potion of berserk rage {unknown}
Miscellaneous
 P - a condenser vane (inert)


   Skills:
 - Level 6.0 Fighting
 - Level 10.0 Short Blades
 - Level 1.7 Throwing
 - Level 5.0 Dodging
 - Level 6.0 Stealth
 - Level 5.4 Shields
 - Level 5.0 Spellcasting
 + Level 6.9 Hexes
 - Level 5.0 Translocations


You had 14 spell levels left.
You knew the following spells:

 Your Spells              Type           Power      Damage    Failure   Level
a - Lesser Beckoning      Tloc           10%        N/A       12%         3
b - Confusing Touch       Hex            13%        N/A       5%          3

Your spell library contained the following spells:

 Spells                   Type           Power      Damage    Failure   Level
 Blink                    Tloc           20%        N/A       6%          2
 Ensorcelled Hibernation  Hex/Ice        14%        N/A       12%         2
 Gell's Gravitas          Tloc           10%        N/A       12%         3
 Teleport Other           Tloc           10%        N/A       12%         3
 Cause Fear               Hex            6%         N/A       19%         4
 Inner Flame              Hex/Fire       7%         N/A       22%         3
 Manifold Assault         Tloc           10%        N/A       36%         4
 Cigotuvi's Dreadful Rot  Necr/Pois/Air  4%         N/A       43%         2
 Passwall                 Tmut/Erth      1%         N/A       43%         2
 Poisonous Vapours        Pois/Air       4%         N/A       43%         2
 Call Canine Familiar     Summ           2%         N/A       67%         3
 Swiftness                Air            2%         N/A       67%         3
 Summon Mana Viper        Hex/Summ       7%         N/A       91%         5
 Yara's Violent Unravell  Hex/Tmut       3%         3d4       91%         5
 Dispel Undead            Necr           2%         3d7       97%         4
 Alistair's Intoxication  Tmut/Pois      1%         N/A       100%        5
 Death Channel            Necr           1%         N/A       100%        6
 Enfeeble                 Hex            6%         N/A       100%        7
 Discord                  Hex            6%         N/A       100%        8


Dungeon Overview and Level Annotations

Branches:
Dungeon (11/15)            Temple (0/1) D:4            Lair (0/5) D:8
    Orc (0/2) D:11        Ossuary (visited)

Altars:
Cheibriados
Dithmenos
Gozag
Ru
Trog
Xom
Yredelemnul

Shops:
D:4 *   D:8 *


Innate Abilities, Weirdness & Mutations

You have a moderately thin skeletal structure. (Dex +4, Stealth++)
You may rarely emit foul miasma when damaged in melee.
A meltable shield of frost defends you. (SH +4)
Your touch may irresistibly damage your foes and sap their willpower.
You have a beak for a mouth.
You are agile. (Dex +4, Str/Int -1)
Your system is resistant to poisons. (rPois)
Potions are less effective at restoring your health.


Message History

You hit the skeletal warrior but do no damage.
The skeletal warrior is heavily damaged.
Your shadow hits the skeletal warrior but does no damage.
You block the skeletal warrior's attack.
The skeletal warrior hits you with a +0 flail!!
You closely miss the skeletal warrior.
You peck the skeletal warrior, but do no damage.
The skeletal warrior is heavily damaged.
You closely miss the skeletal warrior.
You peck the skeletal warrior, but do no damage.
You touch the skeletal warrior!
You sap its willpower!
The skeletal warrior is severely damaged.
Your shadow hits the skeletal warrior but does no damage.
The skeletal warrior hits you from afar with a +0 halberd!!
The skeletal warrior hits you with a +0 flail!
* * * LOW HITPOINT WARNING * * *
You emit a cloud of foul miasma!
The skeletal warrior attacks as you move away!
You block the skeletal warrior's attack.
The skeletal warrior attacks as you move away!
You block the skeletal warrior's attack.
The skeletal warrior attacks as you move away!
You block the skeletal warrior's attack.
You block the skeletal warrior's attack.
The skeletal warrior attacks as you move away!
You block the skeletal warrior's attack. x2
The skeletal warrior attacks as you move away!
You block the skeletal warrior's attack.
The skeletal warrior attacks as you move away!
The skeletal warrior closely misses you.
The skeletal warrior attacks as you move away!
The skeletal warrior hits you with a +0 flail!
* * * LOW HITPOINT WARNING * * *
The skeletal warrior attacks as you move away!
The skeletal warrior hits you with a +0 flail.
* * * LOW HITPOINT WARNING * * *
Your system partially rejects the healing.
You feel better.
The skeletal warrior hits you with a +0 flail!
You die...

### ########### #....)....#
#######.#.# ##### #######
#...#)..#.# ....#####.....#
###.#.#<#####
....'...#.....#####.z.(.#.....#
....###.........@zz.###.#####.#
....# ###.....#######.........#
##### #.....# ######z####
#.....# ##.# #...<.# #..#
##.#### #.## ## #...# ###z# .#
###.# #...# .# #######'##
###'####


You could see 3 skeletal warriors.

Vanquished Creatures
  A boulder beetle (D:11)
  2 two-headed ogres (D:10)
  Urug (D:11)
  Sonja (D:11)
  2 skeletal warriors (D:11)
  Pikel (D:7)
  An ugly thing (D:11)
  Joseph (D:7)
  A komodo dragon (D:8)
  A hornet (D:8)
  Prince Ribbit (D:5)
  A shadow (D:10)
  3 wyverns
  A steam dragon (D:7)
  Edmund (D:5)
  3 water moccasins
  A hornet zombie (Ossuary)
  A black bear (D:7)
  5 orc warriors
  2 sky beasts
  3 ice beasts
  2 ogres
  3 centaurs
  3 phantoms (D:5)
  2 kobold brigands (D:8)
  2 necrophages
  3 gnoll sergeants
  2 scorpions
  2 water moccasin zombies (Ossuary)
  5 wights (D:10)
  8 killer bees
  3 howler monkeys (D:8)
  2 hounds (D:5)
  4 centaur zombies (Ossuary)
  6 orc priests
  A jelly (D:5)
  7 bullfrog zombies (Ossuary)
  Crazy Yiuf (D:2)
  Jessica (D:2)
  7 iguanas
  Ijyb (D:4)
  13 orc wizards
  A killer bee zombie (Ossuary)
  18 mummies
  A howler monkey zombie (Ossuary)
  11 adders
  16 gnolls
  A shadow imp (D:8)
  3 worms
  6 dart slugs
  46 orcs
  11 endoplasms
  5 giant cockroaches
  12 goblins
  6 hobgoblins
  17 jackals
  13 kobolds
  6 quokkas
  7 ball pythons
  5 bats
  3 frilled lizards
  A hobgoblin zombie (D:5)
  A kobold zombie (D:5)
  4 rats
306 creatures vanquished.

Vanquished Creatures (collateral kills)
  An orc warrior (D:11)
  An orc (D:11)
2 creatures vanquished.

Vanquished Creatures (others)
  An orc wizard (D:3)
  A kobold (D:8)
  A goblin (D:4)
  3 plants (D:8)
  6 withered plants (Ossuary)
12 creatures vanquished.

Grand Total: 320 creatures vanquished

Notes
Turn   | Place    | Note
-------+----------+-------------------------------------------
     0 | D:1      | Newt the Demonspawn Gladiator began the quest for the Orb.
     0 | D:1      | Reached XP level 1. HP: 16/16 MP: 1/1
    62 | D:1      | Reached skill level 1 in Stealth
   400 | D:1      | Gained mutation: Your touch may inflict minor irresistible
                  | damage on your foes. [demonic ancestry]
   400 | D:1      | Reached XP level 2. HP: 22/22 MP: 2/2
   564 | D:1      | Found a faded altar of an unknown god.
  1051 | D:1      | Prayed at the altar of an unknown god.
  1051 | D:1      | Became a worshipper of Dithmenos the Shadowed
  1051 | D:1      | Reached * piety under Dithmenos
  1095 | D:2      | Reached XP level 3. HP: 21/28 MP: 3/3
  1372 | D:2      | Found a runed translucent door.
  1373 | D:2      | Noticed Crazy Yiuf
  1559 | D:2      | Gained mutation: You have a somewhat thin skeletal
                  | structure. (Dex +2, Stealth+) [demonic ancestry]
  1559 | D:2      | Reached XP level 4. HP: 37/37 MP: 4/4
  1627 | D:2      | Noticed Jessica
  1630 | D:2      | Killed Jessica
  1631 | D:2      | Reached skill level 3 in Short Blades
  2024 | D:2      | Killed Crazy Yiuf
  2144 | D:3      | Reached XP level 5. HP: 42/42 MP: 5/5
  2144 | D:3      | Reached ** piety under Dithmenos
  2422 | D:3      | Reached skill level 4 in Short Blades
  3075 | D:3      | Gained mutation: A meltable shield of frost defends you.
                  | (SH +4) [demonic ancestry]
  3075 | D:3      | Reached XP level 6. HP: 48/48 MP: 6/6
  3416 | D:3      | Reached skill level 5 in Short Blades
  4034 | D:4      | Reached *** piety under Dithmenos
  4089 | D:4      | Noticed Ijyb
  4104 | D:4      | Killed Ijyb
  4108 | D:4      | HP: 1/48 [goblin/+0 club (3)]
  4604 | D:4      | Found a staircase to the Ecumenical Temple.
  4648 | D:4      | Reached skill level 6 in Short Blades
  4681 | D:4      | Found Riuwa's General Store.
  4954 | D:4      | Reached skill level 1 in Translocations
  4959 | D:4      | Gained mutation: You may rarely emit foul miasma when
                  | damaged in melee. [demonic ancestry]
  4959 | D:4      | Reached XP level 7. HP: 42/54 MP: 7/7
  5067 | D:5      | Entered Level 5 of the Dungeon
  5083 | D:5      | Noticed Prince Ribbit
  5137 | D:5      | Killed Prince Ribbit
  5463 | D:5      | Found a sand-covered staircase.
  5468 | Ossuary  | Entered an ossuary
  5512 | Ossuary  | Reached skill level 5 in Translocations
  5512 | Ossuary  | Reached skill level 1 in Spellcasting
  5512 | Ossuary  | Reached XP level 8. HP: 22/60 MP: 7/9
  5856 | Ossuary  | Reached **** piety under Dithmenos
  5943 | Ossuary  | Learned a level 3 spell: Lesser Beckoning
  6119 | Ossuary  | Reached skill level 5 in Spellcasting
  6904 | D:5      | Reached skill level 5 in Dodging
  6904 | D:5      | Gained mutation: You have a moderately thin skeletal
                  | structure. (Dex +4, Stealth++) [demonic ancestry]
  6904 | D:5      | Reached XP level 9. HP: 54/65 MP: 16/16
  7524 | D:5      | Noticed Edmund
  7531 | D:5      | Killed Edmund
  8861 | D:7      | Found a shimmering altar of Xom.
  8873 | D:7      | Reached skill level 5 in Stealth
  9290 | D:7      | Reached skill level 1 in Hexes
  9298 | D:7      | Gained mutation: You have a beak for a mouth. [potion of
                  | mutation]
  9298 | D:7      | Gained mutation: You are agile. (Dex +4, Str/Int -1)
                  | [potion of mutation]
  9298 | D:7      | Gained mutation: Potions are less effective at restoring
                  | your health. [potion of mutation]
  9298 | D:7      | Gained mutation: Your system is resistant to poisons.
                  | (rPois) [potion of mutation]
  9314 | D:7      | Noticed an angel
  9395 | D:7      | Found a sacrificial altar of Ru.
  9395 | D:7      | Noticed Pikel
  9405 | D:7      | Killed Pikel
  9615 | D:7      | Reached skill level 5 in Hexes
  9619 | D:7      | Learned a level 3 spell: Confusing Touch
  9658 | D:7      | Found an opulent altar of Gozag.
  9945 | D:7      | Noticed Joseph
  9957 | D:7      | Killed Joseph
  9958 | D:7      | Reached skill level 5 in Fighting
  9958 | D:7      | Gained mutation: Your touch may inflict irresistible damage
                  | on your foes. [demonic ancestry]
  9958 | D:7      | Reached XP level 10. HP: 55/74 MP: 11/17
 10494 | D:8      | Reached skill level 7 in Short Blades
 10561 | D:8      | Found Rem Gytt's Gadget Gallery.
 10563 | D:8      | Got the Almanac of the Black Widow and Adjuration
 10653 | D:8      | Found a staircase to the Lair.
 10878 | D:8      | Reached skill level 8 in Short Blades
 12019 | D:9      | Reached ***** piety under Dithmenos
 12321 | D:9      | Reached skill level 9 in Short Blades
 12670 | D:10     | Entered Level 10 of the Dungeon
 12670 | D:10     | Noticed a two-headed ogre
 13195 | D:10     | Killed a two-headed ogre
 13270 | D:10     | Found a snail-covered altar of Cheibriados.
 13281 | D:10     | Found a bloodstained altar of Trog.
 13347 | D:10     | Found a basalt altar of Yredelemnul.
 13347 | D:10     | Noticed a two-headed ogre
 13348 | D:10     | Found an opulent altar of Gozag.
 13349 | D:10     | Found a shadowy altar of Dithmenos.
 13352 | D:10     | Killed a two-headed ogre
 13371 | D:10     | Reached skill level 10 in Short Blades
 13371 | D:10     | Gained mutation: Your touch may irresistibly damage your
                  | foes and sap their willpower. [demonic ancestry]
 13371 | D:10     | Reached XP level 11. HP: 81/81 MP: 18/18
 13380 | D:10     | Reached skill level 1 in Shields
 14326 | D:11     | Noticed a skeletal warrior
 14326 | D:11     | Noticed a skeletal warrior
 14326 | D:11     | Noticed a skeletal warrior
 14326 | D:11     | Noticed a skeletal warrior
 14373 | D:11     | Killed a skeletal warrior
 14818 | D:11     | Noticed a skeletal warrior
 14906 | D:11     | Killed a skeletal warrior
 15002 | D:11     | Noticed a boulder beetle
 15017 | D:11     | Noticed Sonja
 15148 | D:11     | Noticed Urug
 15562 | D:11     | Upgraded the game from 0.30-a0-122-g2a1322497e to
                  | 0.30-a0-123-g91d0c66ccf
 16087 | D:11     | Killed Urug
 16088 | D:11     | Reached skill level 5 in Shields
 16367 | D:11     | Found a staircase to the Orcish Mines.
 16489 | D:11     | Noticed a white ugly thing
 16491 | D:11     | Killed a white ugly thing
 16590 | D:11     | Killed a boulder beetle
 16626 | D:11     | Killed Sonja
 16835 | D:11     | Slain by a skeletal warrior

Illustrated notes

Levels and vault maps discovered:
D:1:      minmay_arrival_loop, layout_loops_corners,
          shapermc_ecumenical_altar_mp_urbaneastern
D:2:      layout_loops_cross, chequers_serial_rivers_micro_c,
          uniq_crazy_yiuf_cottage, uniq_jessica
D:3:      minmay_evil_eye, layout_basic, minmay_misc_feat_doors,
          hex_intersection, minivault_25
D:4:      kennysheep_goblin_castle, layout_basic, temple_doors_e, serial_shops,
          nicolae_shop_advertising_works [nicolae_subvault_shop_adworks],
          dk_vineyard_3
D:5:      layout_loops_corners, nicolae_tso_swordbearing_angel,
          nicolae_ossuary_entry_giza, uniq_edmund, uniq_prince_ribbit1
D:6:      layout_layer_cave
D:7:      layout_basic, grunt_temple_overflow_order_and_chaos_1,
          hangedman_feature_mirror, uniq_pikel, uniq_joseph
D:8:      layout_layer_cave, david_lair_shrubbed, minmay_statues_item,
          nicolae_shop_gadgets
D:9:      layout_irregular_city
D:10:     layout_roguey, mainiacjoe_overflow_catwalk_spiral,
          grunt_temple_overflow_open, minmay_misc_feat_iff, grunt_ministairs_15
D:11:     layout_roguey, hiddenorc2_lemuel, uniq_sonja, uniq_urug

Skill      XL: |  1  2  3  4  5  6  7  8  9 10 11 |
---------------+----------------------------------+-----
Stealth        | 1 2 6 |  6.0
Fighting       | 3 4 5 6 |  6.0
Short Blades   | 3 4 6 10 | 10.0
Translocations | 1 5 |  5.0
Spellcasting   | 1 5 |  5.0
Dodging        | 5 |  5.0
Hexes          | 5 6 |  6.9
Shields        | 5 |  5.4
Throwing       | |  1.7

Action                   |  1- 3 |  4- 6 |  7- 9 | 10-12 || total
-------------------------+-------+-------+-------+-------++-------
Melee: Rapier            |    91 |   153 |       |       ||   244
       Touch             |    11 |    40 |   118 |    17 ||   186
       Dagger            |       |    39 |   509 |   473 ||  1021
       Punch             |       |       |     8 |       ||     8
       Peck              |       |       |     7 |   138 ||   145
Throw: Throwing net      |       |     3 |       |     3 ||     6
       Javelin           |       |     2 |     2 |     2 ||     6
       Dart              |       |       |     5 |       ||     5
 Cast: Lesser Beckoning  |       |       |     3 |       ||     3
       Confusing Touch   |       |       |     1 |    13 ||    14
Evoke: Wand              |       |     1 |       |     7 ||     8
       Condenser vane    |       |       |       |     1 ||     1
  Use: Potion            |       |     7 |     4 |     3 ||    14
       Scroll            |       |     4 |    14 |     5 ||    23
 Stab: Sleeping          |     7 |    16 |    14 |    26 ||    63
       Held in net/web   |       |     1 |       |     5 ||     6
       Invisible         |       |     1 |       |       ||     1
       Distracted        |       |       |     2 |     3 ||     5
       Confused          |       |       |     2 |     6 ||     8
Armor: Leather armour    |    23 |    45 |    36 |    21 ||   125
       Skin              |       |       |    18 |       ||    18
Dodge: Dodged            |    58 |    93 |   151 |   163 ||   465
Block: Other             |       |    17 |    40 |    22 ||    79
       Kite shield       |       |       |       |   266 ||   266
       Reflection        |       |       |       |     3 ||     3

Table legend: (Time is in decaauts)
 A = Elapsed time spent in this place.
 B = Non-inter-level travel time spent in this place.
 C = Inter-level travel time spent in this place.
 D = Time resting spent in this place.
 E = Time spent auto-exploring this place.
 F = Levels seen in this place.
 G = Mean time per level.
                   A        B        C        D        E       F      G
               +--------+--------+--------+--------+--------+-----+--------+
         Total |  16441 |  15956 |    485 |   4576 |   8901 |  12 | 1370.1 |
       Dungeon |  15511 |  15026 |    485 |   4328 |   8465 |  11 | 1410.1 |
       Ossuary |    929 |    929 |      0 |    248 |    436 |   1 |  929.0 |
               +--------+--------+--------+--------+--------+-----+--------+

Top non-repeatable levels by time:
    D:11: 2047 daAuts
     D:9: 1572 daAuts
     D:5: 1525 daAuts
    D:10: 1519 daAuts
     D:4: 1518 daAuts
     D:3: 1417 daAuts
     D:6: 1374 daAuts
     D:7: 1236 daAuts
     D:8: 1161 daAuts
     D:1: 1086 daAuts
     D:2: 1051 daAuts
 Ossuary: 929 daAuts
